 Dungeon Crawl Stone Soup version 0.29-a0-378-gc08b2e8bf8 (webtiles) character file.

Game seed: 12268692736828422207

205 Bruhh the Skirmisher (level 6, 2/52 HPs)
             Began as a Human Monk on May 5, 2022.
             Was a Priest of the Shining One.
             Quit the game on level 3 of the Dungeon.
             The game lasted 00:04:26 (3963 turns).

Bruhh the Skirmisher (Human Monk)                   Turns: 3963, Time: 00:04:26

Health: 2/52       AC:  2    Str: 11    XL:     6   Next: 10%
Magic:  8/8        EV: 13    Int: 10    God:    the Shining One [***...]
Gold:   88         SH:  7    Dex: 18    Spells: 5/5 levels left

rFire   + . .      SeeInvis .   p - staff of fire
rCold   . . .      Faith    .   (no shield)
rNeg    + . .      Spirit   .   b - +0 robe
rPois   .          Reflect  .   (no helmet)
rElec   .          Harm     .   (no cloak)
rCorr   .          Rampage  .   (no gloves)
Will    +....                   (no boots)
Stlth   +.........              (no amulet)
HPRegen 0.17/turn               (no ring)
MPRegen 0.11/turn               (no ring)

@: brilliant, divinely shielded, glowing
A: deterioration 1, strong-willed 1
a: Renounce Religion, Divine Shield, Cleansing Flame


You were on level 3 of the Dungeon.
You worshipped the Shining One.
The Shining One was most pleased with you.
You visited 1 branch of the dungeon, and saw 3 of its levels.

You collected 88 gold pieces.

Inventory:

Hand Weapons
 a - a +0 spear
 f - a +2 dagger of freezing
Armour
 b - a +0 robe (worn)
Magical Staves
 p - a staff of fire (weapon)
Jewellery
 j - a ring of magical power
 m - a ring of see invisible
Scrolls
 g - a scroll of fear {unknown}
 i - a scroll of identify {unknown}
 k - a scroll of teleportation {unknown}
 l - a scroll of poison {unknown}
 n - 3 scrolls of noise {unknown}
Potions
 c - a potion of ambrosia
 d - 2 potions of curing
 e - a potion of cancellation
 h - a potion of lignification


   Skills:
 + Level 5.6 Fighting
 - Level 3.0 Polearms
 - Level 3.0 Dodging
 - Level 2.0 Stealth
 + Level 2.7 Invocations


You had 5 spell levels left.
You didn't know any spells.
Your spell library was empty.

Dungeon Overview and Level Annotations

Branches:
Dungeon (3/15)

Altars:
The Shining One

Shops:
D:1 *   D:2 ?


Innate Abilities, Weirdness & Mutations

Your body sometimes deteriorates upon taking damage.
You are strong-willed. (Will+)


Message History

The black bear misses you. The black bear claws you. x2
You hit the black bear but do no damage.
The black bear is moderately wounded.
The black bear bites you. The black bear claws you. x2
* * * LOW HITPOINT WARNING * * *
You barely miss the black bear.
The black bear is moderately wounded.
The black bear misses you. The black bear closely misses you.
You block the black bear's attack. The black bear barely misses you.
The black bear closely misses you. You block the black bear's attack.
You hit the black bear.
The black bear is heavily wounded.
The black bear bites you but does no damage.
The black bear claws you.
* * * LOW HITPOINT WARNING * * *
The black bear claws you.
* * * LOW HITPOINT WARNING * * *
It was a potion of brilliance.
You feel clever all of a sudden. You block the black bear's attack.
The black bear closely misses you. The black bear claws you.
* * * LOW HITPOINT WARNING * * *
It was a potion of magic.
Magic courses through your body. The black bear misses you.
The black bear claws you but does no damage.
You block the black bear's attack.
Activating: Cleansing Flame (63% risk of failure)
Press: ? - help, Dir - look around, f - activate You fail to use your ability.
The black bear bites you.
* * * LOW HITPOINT WARNING * * *
You block the black bear's attack. The black bear barely misses you.
You hit the black bear.
The black bear is heavily wounded.
The black bear bites you.
* * * LOW HITPOINT WARNING * * *
The black bear claws you.
* * * LOW HITPOINT WARNING * * *
The black bear closely misses you.
Unknown command.
Are you sure you want to abandon this character and quit the game? (Confirm with "yes".)

....... ....... ###.......
##.........
#####..#.......
############.....##.......
...............## .......
...........#h.# .......
........###@## ##.####
#### #..###.##...# .#
...###.# #..#.#....# ##
....##รท# #...#....#
.....#.# ###..#....#
.....#<####....#....#
....)..##...##.#<.....
......###.####......###
..................>..


You could see a black bear.

Vanquished Creatures
  A necrophage (D:2)
  5 gnolls
  3 adders
  A worm (D:2)
  A dart slug (D:1)
  5 bats
  11 endoplasms
  A giant cockroach (D:2)
  4 hobgoblins
  2 quokkas
  7 ball pythons
  6 frilled lizards
  6 goblins
  6 kobolds
  8 rats
67 creatures vanquished.

Notes
Turn   | Place    | Note
-------+----------+-------------------------------------------
     0 | D:1      | Bruhh the Human Monk began the quest for the Orb.
     0 | D:1      | Reached XP level 1. HP: 18/18 MP: 1/1
   123 | D:1      | Reached XP level 2. HP: 24/24 MP: 2/2
   129 | D:1      | Found Fuoc's General Store.
   368 | D:1      | Reached skill level 4 in Fighting
   368 | D:1      | Reached XP level 3. HP: 30/30 MP: 3/3
   903 | D:1      | Found a faded altar of an unknown god.
   909 | D:1      | Prayed at the altar of an unknown god.
   909 | D:1      | Became a worshipper of the Shining One
   909 | D:1      | Reached * piety under the Shining One
   909 | D:1      | Reached ** piety under the Shining One
  1336 | D:2      | Reached XP level 4. HP: 31/38 MP: 4/4
  1943 | D:2      | Reached *** piety under the Shining One
  1960 | D:2      | Reached skill level 5 in Fighting
  1964 | D:2      | Gained mutation: You are strong-willed. (Will+) [potion of
                  | mutation]
  1964 | D:2      | Gained mutation: Your body sometimes deteriorates upon
                  | taking damage. [potion of mutation]
  1969 | D:2      | Reached skill level 1 in Invocations
  1979 | D:2      | Reached XP level 5. HP: 27/44 MP: 2/5
  2674 | D:2      | Found Nyh Emn's Magic Scroll Boutique.
  3051 | D:3      | Reached XP level 6. HP: 11/51 MP: 7/7
  3940 | D:3      | Noticed a black bear
  3962 | D:3      | HP: 2/52 [black bear (1)]
  3963 | D:3      | Quit the game

Illustrated notes

Levels and vault maps discovered:
D:1:      minmay_arrival_arboretum_small, layout_rooms,
          dreamdust_ecumenical_altar_angels_and_demons, serial_shops,
          nicolae_square_shop
D:2:      layout_basic, serial_shops, shop_scrolls, minmay_3d_cube
D:3:      layout_rooms, uniq_jessica, uniq_sigmund

Skill      XL: |  1  2  3  4  5 |
---------------+----------------+-----
Fighting       | 4 5 |  5.6
Invocations    | 1 2 |  2.7
Polearms       | |  3.0
Dodging        | |  3.0
Stealth        | |  2.0

Action                   |  1- 3 |  4- 6 || total
-------------------------+-------+-------++-------
Melee: Spear             |    65 |       ||    65
       Dagger            |    38 |    98 ||   136
       Punch             |     1 |     2 ||     3
       Staff             |       |    35 ||    35
Invok: Divine Shield     |       |     2 ||     2
  Use: Potion            |       |     6 ||     6
 Stab: Sleeping          |     6 |       ||     6
Armor: Robe              |    12 |    11 ||    23
       Skin              |       |    13 ||    13
Dodge: Dodged            |    49 |    69 ||   118
Block: Other             |       |    13 ||    13

Table legend: (Time is in decaauts)
 A = Elapsed time spent in this place.
 B = Non-inter-level travel time spent in this place.
 C = Inter-level travel time spent in this place.
 D = Time resting spent in this place.
 E = Time spent auto-exploring this place.
 F = Levels seen in this place.
 G = Mean time per level.
                   A        B        C        D        E       F      G
               +--------+--------+--------+--------+--------+-----+--------+
         Total |   3963 |   3899 |     64 |    660 |   2713 |   3 | 1321.0 |
       Dungeon |   3963 |   3899 |     64 |    660 |   2713 |   3 | 1321.0 |
               +--------+--------+--------+--------+--------+-----+--------+

Top non-repeatable levels by time:
     D:2: 2512 daAuts
     D:1: 1181 daAuts
     D:3: 270 daAuts
